 Dungeon Crawl Stone Soup version 0.23-a0-389-g4a5eb33 (webtiles) character file.

5891 sleepydude the Protected (level 10, 0/90 HPs)
             Began as a Minotaur Fighter on Oct 29, 2018.
             Was an Elder of Okawaru.
             Slain by a tarantella (3 damage)
             ... summoned by a deep elf mage
             ... on level 10 of the Dungeon.
             The game lasted 00:19:51 (8886 turns).

sleepydude the Protected (Minotaur Fighter)         Turns: 8886, Time: 00:19:52

Health: 0/90       AC: 16    Str: 27    XL:     10   Next: 53%
Magic:  9/9        EV:  8    Int:  5    God:    Okawaru [****..]
Gold:   532        SH:  0    Dex: 10    Spells: 9/9 levels left

rFire    . . .     SeeInvis .   q - +0 hand axe (vamp)
rCold    + . .     Gourm    .   c - +0 shield
rNeg     . . .     Faith    .   E - +0 plate armour
rPois    .         Spirit   .   (helmet restricted)
rElec    .         Reflect  .   D - +0 cloak
rCorr    .         Harm     .   (no gloves)
MR       .....                  (no boots)
Stlth    ..........             (no amulet)
HPRegen  0.25/turn              i - +3 ring of strength
MPRegen  0.11/turn              L - ring of protection from cold

@: confused
A: retaliatory headbutt, horns 2
a: Heroism, Renounce Religion


You were on level 10 of the Dungeon.
You worshipped Okawaru.
Okawaru was greatly pleased with you.
You were not hungry.

You visited 1 branch of the dungeon, and saw 10 of its levels.
You also visited: Sewer.

You collected 532 gold pieces.

Inventory:

Hand Weapons
 a - a +0 flail
 g - a +0 whip
 q - a +0 vampiric hand axe (weapon)
 v - a +1 flail of protection
Armour
 c - a +0 shield (worn)
 D - a +0 cloak (worn)
 E - a +0 plate armour (worn)
Jewellery
 i - a +3 ring of strength (left hand)
 s - an uncursed ring of wizardry
 C - an uncursed ring of resist corrosion
 J - a +5 ring of strength
 L - a ring of protection from cold (right hand)
Wands
 A - a wand of clouds (3)
 H - a wand of polymorph (7)
Scrolls
 e - a scroll of noise {unknown}
 j - 3 scrolls of identify {@r1}
 l - 2 scrolls of fear
 r - 2 scrolls of amnesia
 y - 2 scrolls of fog
 z - 3 scrolls of teleportation {unknown}
 B - a scroll of immolation {unknown}
 F - 5 scrolls of remove curse {@r2}
 G - a scroll of enchant armour {unknown}
 I - a scroll of magic mapping {unknown}
Potions
 b - 4 potions of flight {unknown}
 d - a potion of might
 h - 2 potions of lignification
 k - 2 potions of mutation {unknown}
 m - 2 potions of magic {unknown}
 n - 2 potions of brilliance {unknown}
 o - 2 potions of resistance {unknown}
 p - 4 potions of curing {@q1}
 t - a potion of haste {unknown}
 u - a potion of degeneration {unknown}
 w - 2 potions of heal wounds {unknown}
 x - a potion of cancellation {unknown}
Comestibles
 f - 18 rations


   Skills:
 + Level 8.4 Fighting
 + Level 9.7(10.2) Axes
 + Level 5.1(8.1) Maces & Flails
 + Level 10.1 Armour
 + Level 3.0 Dodging
 + Level 0.2 Stealth
 + Level 10.0 Shields
 + Level 0.4 Invocations


You had 9 spell levels left.
You didn't know any spells.
Your spell library was empty.

Dungeon Overview and Level Annotations

Branches:
Dungeon (10/15)            Temple (0/1) D:5
   Lair: D:8-11         Orc: D:9-12

Altars:
Elyvilon
Gozag
Nemelex Xobeh
Okawaru
Qazlal
Vehumet
Wu Jian
Xom
Yredelemnul
Zin

Shops:
D:7 =


Innate Abilities, Weirdness & Mutations

You reflexively headbutt those who attack you in melee.
You have a pair of horns on your head.


Message History

The tarantella barely misses you. The tarantella closely misses you.
You bump into the rock wall.
The tarantella barely misses you.
The deep elf mage casts a spell.
The deep elf mage blinks!
The hellwing hits you but does no damage. x2
You bump into the rock wall.
The tarantella bites you but does no damage.
The hellwing hits you!
* * * LOW HITPOINT WARNING * * *
The hellwing hits you but does no damage.
The tarantella bites you but does no damage.
You barely miss the hellwing. You hit the tarantella.
The hellwing closely misses you. The hellwing barely misses you.
The tarantella bites you!
* * * LOW HITPOINT WARNING * * *
You are more confused.
You bump into the rock wall.
The hellwing disappears in a puff of smoke!
The tarantella bites you.
You die...

K## .#.# # ..# ..#
.#. #.## #.#
....###.##. #.#
......#)##.# ##.#
#.....)55##.###.##
#.##.#(.# #.r<##
#.......####s##
...##..e5543ยง@#
####.###### ...#
#####


You could see an orange demon, a deep elf mage, a ynoxinul, a tarantella, a hell
rat and 2 ufetubi.

Vanquished Creatures
  An unseen horror (D:8)
  A manticore (D:9)
  A troll (D:9)
  Prince Ribbit (D:8)
  Grinder (D:4)
  A wyvern (D:9)
  A steam dragon (D:10)
  A wraith (D:10)
  Edmund (D:4)
  Duvessa (D:4)
  An ice beast (D:5)
  3 sky beasts
  An orc warrior (D:8)
  A necrophage (D:4)
  4 centaurs
  A phantom (D:6)
  3 ogres
  2 big kobolds
  Blork the orc (D:4)
  2 gnoll sergeants (D:7)
  3 bullfrogs
  Dowan (D:4)
  2 scorpions
  3 killer bees (D:8)
  2 water moccasin skeletons
  5 wights (D:8)
  7 howler monkeys
  4 crimson imps
  A quasit (D:4)
  3 orc priests
  A centaur zombie (D:9)
  A jelly (D:8)
  5 hounds
  6 orc wizards
  3 iguanas
  Terence (D:3)
  5 worker ants
  15 gnolls
  2 river rats (Sewer)
  10 adders
  A shadow imp (D:8)
  4 oozes
  An adder skeleton (D:5)
  2 adder zombies
  A worm (D:2)
  5 dart slugs
  6 leopard geckos
  25 orcs
  2 ball pythons
  6 bats
  4 giant cockroaches
  5 goblins
  8 hobgoblins
  7 jackals
  16 kobolds
  5 quokkas
  A ball python skeleton (D:6)
  5 frilled lizards
  A leopard gecko zombie (D:7)
  A quokka skeleton (D:9)
  9 rats
224 creatures vanquished.

Vanquished Creatures (others)
  A kobold (D:10)
1 creature vanquished.

Grand Total: 225 creatures vanquished

Notes
Turn   | Place    | Note
-------+----------+-------------------------------------------
     0 | D:1      | sleepydude the Minotaur Fighter began the quest for the
                  | Orb.
     0 | D:1      | Reached XP level 1. HP: 19/19 MP: 0/0
   155 | D:1      | Reached XP level 2. HP: 17/27 MP: 1/1
   686 | D:2      | Reached XP level 3. HP: 33/33 MP: 2/2
  1186 | D:2      | Reached XP level 4. HP: 41/41 MP: 3/3
  1967 | D:3      | Reached skill level 5 in Armour
  1967 | D:3      | Reached XP level 5. HP: 46/47 MP: 4/4
  2042 | D:3      | Found a radiant altar of Vehumet.
  2149 | D:3      | Noticed Terence
  2166 | D:3      | Killed Terence
  2166 | D:3      | Reached skill level 1 in Dodging
  2231 | D:3      | You fall through a shaft for 3 floors!
  2231 | D:6      | Found a basalt altar of Yredelemnul.
  2251 | D:6      | Found a sparkling altar of Nemelex Xobeh.
  2255 | D:6      | Found a white marble altar of Elyvilon.
  2256 | D:6      | Found an ornate altar of the Wu Jian Council.
  2273 | D:5      | Entered Level 5 of the Dungeon
  2343 | D:4      | Noticed Blork the orc
  2346 | D:4      | Noticed Grinder
  2347 | D:4      | Paralysed by Grinder for 2 turns
  2352 | D:4      | Killed Blork the orc
  2352 | D:4      | Reached skill level 1 in Axes
  2352 | D:4      | Reached XP level 6. HP: 33/55 MP: 5/5
  2363 | D:4      | Killed Grinder
  2363 | D:4      | Reached skill level 5 in Fighting
  2363 | D:4      | Reached skill level 5 in Maces & Flails
  2363 | D:4      | Reached skill level 5 in Shields
  2363 | D:4      | Reached XP level 7. HP: 26/61 MP: 6/6
  2439 | D:4      | Found an iron altar of Okawaru.
  2445 | D:4      | Became a worshipper of Warmaster Okawaru
  2481 | D:4      | Noticed Edmund
  2514 | D:4      | Killed Edmund
  2534 | D:4      | Found a glowing drain.
  2637 | Sewer    | Entered a sewer
  2787 | Sewer    | Found a glowing silver altar of Zin.
  2942 | D:4      | Noticed Dowan
  2943 | D:4      | Noticed Duvessa
  2963 | D:4      | Killed Duvessa
  2963 | D:4      | Reached * piety under Okawaru
  2976 | D:4      | Killed Dowan
  2976 | D:4      | Reached XP level 8. HP: 6/68 MP: 7/7
  3362 | D:4      | Reached skill level 5 in Axes
  3852 | D:5      | Found a staircase to the Ecumenical Temple.
  4186 | D:5      | Found a shimmering altar of Xom.
  4414 | D:5      | Reached ** piety under Okawaru
  4838 | D:6      | Reached XP level 9. HP: 75/75 MP: 8/8
  5329 | D:7      | Found a glowing silver altar of Zin.
  5731 | D:7      | Found Renedut's Jewellery Emporium.
  6178 | D:8      | Noticed Prince Ribbit
  6273 | D:8      | Killed Prince Ribbit
  6973 | D:8      | Killed an unseen horror
  7248 | D:8      | Reached *** piety under Okawaru
  7257 | D:8      | Reached XP level 10. HP: 80/88 MP: 9/9
  7273 | D:8      | Found an opulent altar of Gozag.
  7946 | D:9      | Found a stormy altar of Qazlal.
  8241 | D:9      | Found a white marble altar of Elyvilon.
  8250 | D:9      | Noticed a manticore
  8259 | D:9      | Killed a manticore
  8259 | D:9      | Reached **** piety under Okawaru
  8350 | D:9      | Reached skill level 10 in Armour
  8350 | D:9      | Reached skill level 10 in Shields
  8371 | D:10     | Entered Level 10 of the Dungeon
  8593 | D:10     | Noticed a deep elf mage
  8878 | D:10     | Noticed an orange demon
  8885 | D:10     | HP: 3/90 [tarantella[a deep elf mage] (12)]
  8886 | D:10     | Slain by a tarantella

Vault maps used:
D:1:      minmay_arrival_diagonal_passages
D:2:      kennysheep_cluttered_room, minmay_octomino_j4
D:3:      vehumet_crystals, first_ration,
          chequers_ecumenical_altar_simple_redux,
          nemelex_xobeh_ov_fountains_minmay, uniq_terence
D:4:      portal_sewer_entry_f, okawaru_metal_pillars_1_2, uniq_edmund,
          uniq_blork_the_orc, uniq_grinder, uniq_duvessa
D:5:      temple_statues, basic_altar
D:6:      minmay_diamond_boxcup, grunt_temple_overflow_open, serial_rivers,
          chequers_serial_rivers_micro_b, chequers_serial_rivers_micro_c,
          chequers_serial_rivers_micro_a, chequers_serial_rivers_small_a,
          chequers_serial_rivers_micro_b, chequers_serial_rivers_large_a
D:7:      zin_treasury, serial_shops, shop
D:8:      old_standard_altar, uniq_prince_ribbit1
D:9:      lemuel_round_altar, basic_altar
D:10:     enter_trove_1
Sewer:    sewer_kobolds

Skill      XL: |  1  2  3  4  5  6  7  8  9 10 |
---------------+-------------------------------+-----
Armour         | 4 5 6 7 9 10 | 10.1
Fighting       | 4 5 6 7 8 |  8.4
Shields        | 4 5 6 7 8 10 | 10.0
Maces & Flails | 3 4 5 |  5.1
Dodging        | 1 2 3 |  3.0
Axes           | 1 2 4 7 8 9 |  9.7
Stealth        | |  0.2
Invocations    | |  0.4

Action                   |  1- 3 |  4- 6 |  7- 9 | 10-12 || total
-------------------------+-------+-------+-------+-------++-------
Melee: Flail             |    95 |    67 |       |       ||   162
       Headbutt          |    14 |    27 |   110 |    38 ||   189
       Whip              |       |    46 |       |       ||    46
       Hand axe          |       |    45 |   457 |   222 ||   724
Invok: Heroism           |       |       |     3 |     3 ||     6
  Use: Scroll            |     4 |     2 |       |       ||     6
  Eat: Chunk             |     1 |     3 |     5 |     4 ||    13
       Ration            |       |     2 |     3 |     1 ||     6
Armor: Chain mail        |    46 |    87 |    79 |       ||   212
       Plate armour      |       |       |   192 |   107 ||   299
Dodge: Dodged            |    19 |    26 |   101 |    73 ||   219
Block: Shield            |    37 |    91 |   251 |   132 ||   511

Table legend:
 A = Non-vault XP
 B = Vault XP
 C = Vault XP percentage of total XP
 D = Non-vault monster count
 E = Vault monster count
 F = Vault count percentage of total count
                 A         B        C        D         E       F
            +---------+---------+-------+---------+---------+-------
      Total |    6946 |    1470 |  17.5 |     192 |      32 |  14.3
            +---------+---------+-------+---------+---------+-------
        D:1 |      37 |       0 |   0.0 |      19 |       0 |   0.0
        D:2 |      91 |      23 |  20.2 |      28 |       4 |  12.5
        D:3 |     149 |      38 |  20.3 |      21 |       1 |   4.5
        D:4 |     524 |     758 |  59.1 |      14 |      10 |  41.7
        D:5 |     609 |       0 |   0.0 |      23 |       0 |   0.0
        D:6 |     222 |     237 |  51.6 |       6 |       4 |  40.0
        D:7 |     701 |       0 |   0.0 |      19 |       0 |   0.0
        D:8 |    2265 |     274 |  10.8 |      37 |       1 |   2.6
        D:9 |    1881 |       0 |   0.0 |      18 |       0 |   0.0
       D:10 |     467 |       0 |   0.0 |       7 |       0 |   0.0
      Sewer |       0 |     140 | 100.0 |       0 |      12 | 100.0
            +---------+---------+-------+---------+---------+-------
